AoeStats
← irajarek

Arabian Desert

510180336Analyzed
1v1 RM · 1d ago on Sep 29, 2026· 64m 29s· 2 players
Game mode
Random Map
Map size
Tiny (2 player)
Population
200
Speed
Normal
Resources
Standard
Victory
Conquest
Starting age
Dark Age
Ending age
Imperial Age
RankedLock teamsTeams togetherTeam positionsShared explorationLock speedFull tech treeHidden civsTurbo modeCheats
Victory
Defeat
🇸🇪 Franks · Sweden
643
+17
🇵🇱 Varangians · Poland
665
-17
samuelssonjonte
8:35 Loom
11:09 Feudal Age
12:29 Double-Bit Axe
21:06 Castle Age
22:12 Husbandry
22:19 Scale Barding Armor
22:24 Forging
25:02 Crossbowman
26:18 Gold Mining
26:18 Stone Mining
26:55 Bow Saw
33:53 Chain Barding Armor
33:24 Fletching
34:17 Padded Archer Armor
37:26 Bodkin Arrow
38:06 Iron Casting
44:19 Imperial Age
42:22 Leather Archer Armor
42:52 Ordonnance Companies
45:30 Conscription
44:36 Elite Throwing Axeman
45:40 Light Cavalry
45:41 Cavalier
55:39 Gold Shaft Mining
55:13 Elite Skirmisher
59:02 Paladin
62:49 Plate Barding Armor
63:14 Blast Furnace
63:03 Ballistics
63:44 Chemistry
62:50 Siege Engineers
62:56 Masonry
62:44 Murder Holes
irajarek
12:37 Feudal Age
13:23 Man-at-Arms
14:25 Loom
15:51 Double-Bit Axe
16:09 Town Watch
18:58 Forging
19:36 Arson
19:50 Horse Collar
26:47 Castle Age
25:43 Fletching
26:00 Scale Mail Armor
27:05 Padded Archer Armor
27:17 Elite Skirmisher
28:43 Squires
31:04 Town Patrol
32:58 Pikeman
35:15 Bow Saw
39:31 Imperial Age
38:05 Iron Casting
39:57 Halberdier
42:29 Ballistics
44:12 Chemistry
44:24 Wheelbarrow
48:49 Elite Varangian Guard
52:48 Cranequins
54:02 Hand Cart
56:15 Blast Furnace
55:39 Chain Mail Armor
55:42 Leather Archer Armor
57:06 Murder Holes
Connection lost

Rejoining the realm…

Still unreachable

The connection could not be restored.

Session expired

The server has moved on; the page needs a fresh start.